 Dungeon Crawl Stone Soup version 0.29-a0-994-gc5c9f59d18 (webtiles) character file.

Game seed: 3713433996031531351

27 vurker the Chopper (level 3, -2/23 HPs)
             Began as a Tengu Berserker on Aug 3, 2022.
             Was a Believer of Trog.
             Slain by an orc
             ... wielding a +0 dagger
              (4 damage)
             ... on level 2 of the Dungeon.
             The game lasted 00:01:12 (1404 turns).

vurker the Chopper (Tengu Berserker)                Turns: 1404, Time: 00:01:12

Health: -2/23      AC:  3    Str: 19    XL:     3   Next: 10%
Magic:  4/4        EV: 12    Int:  7    God:    Trog [**....]
Gold:   41         SH:  0    Dex: 13    Spells: 2/2 levels left

rFire   . . .      SeeInvis .   a - +0 hand axe
rCold   . . .      Faith    .   (no shield)
rNeg    . . .      Spirit   .   b - +0 animal skin
rPois   .          Reflect  .   (helmet restricted)
rElec   .          Harm     .   (no cloak)
rCorr   .          Rampage  .   i - +0 pair of gloves
Will    .....                   (boots unavailable)
Stlth   +.........              (no amulet)
HPRegen 0.07/turn               (no ring)
MPRegen 0.09/turn               (no ring)

@: confused
A: beak, talons 3
a: Renounce Religion, Berserk, Trog's Hand


You were on level 2 of the Dungeon.
You worshipped Trog.
Trog was pleased with you.
You visited 1 branch of the dungeon, and saw 2 of its levels.

You collected 41 gold pieces.

Inventory:

Hand Weapons
 a - a +0 hand axe (weapon)
Armour
 b - a +0 animal skin (worn)
 i - a +0 pair of gloves (worn)
   (You found it on level 1 of the Dungeon)
Jewellery
 e - a ring of ice
   (You found it on level 1 of the Dungeon)
Scrolls
 c - a scroll of amnesia {unknown}
 d - a scroll of identify {unknown}
 f - a scroll of poison {unknown}
 j - 2 scrolls of noise {unknown}
 k - a scroll of summoning {unknown}
Potions
 g - a potion of might {unknown}
 h - 2 potions of curing {unknown}
 l - a potion of attraction {unknown}


   Skills:
 + Level 3.4 Fighting
 * Level 4.2 Axes
 - Level 2.1 Armour
 - Level 2.1 Dodging


You had 2 spell levels left.
You didn't know any spells.
Your spell library was empty.

Dungeon Overview and Level Annotations

Branches:
Dungeon (2/15)

Altars:


Innate Abilities, Weirdness & Mutations

You have a beak for a mouth.
You have claws for feet.


Message History

There is an open door here.
You enter the shallow water.
Moving in this stuff is going to be slow.
You enter the shallow water.
Moving in this stuff is going to be slow.
Partly explored, can't reach some places.
Partly explored, can't reach some places.
Partly explored, can't reach some places.
Partly explored, can't reach some places.
You enter the shallow water.
Moving in this stuff is going to be slow.
There is a stone staircase leading down here.
You climb downwards.
The orc shouts!
The orc wizard shouts!
Found an orange potion and 34 gold pieces.
There is a stone staircase leading up here.
The orc wizard points at you and mumbles some strange words.
The magic dart hits you!
You climb upwards.
There is a stone staircase leading down here.
You start resting.
You climb downwards.
The orc hits you but does no damage.
The orc wizard gestures at you while chanting.
You are confused.
There is a stone staircase leading up here.
The orc barely misses you. The orc closely misses you.
In your confused state, you trip and fall back down the stairs.
The orc hits you with a +0 club.
A worm comes into view.
The orc barely misses you.
The giant cockroach bites you but does no damage.
The orc hits you with a +0 club. The orc wizard casts a spell at you.
The magic dart hits you.
* * * LOW HITPOINT WARNING * * *
The orc hits you with a +0 dagger.
* * * LOW HITPOINT WARNING * * *
The giant cockroach bites you.
* * * LOW HITPOINT WARNING * * *
In your confused state, you trip and fall back down the stairs.
* * * LOW HITPOINT WARNING * * *
The orc wizard hits you but does no damage.
The orc hits you with a +0 dagger.
* * * LOW HITPOINT WARNING * * *
The orc barely misses you. The giant cockroach closely misses you.
You're too confused to move!
The giant cockroach bites you but does no damage.
The orc barely misses you. The orc wizard closely misses you.
The orc hits you with a +0 dagger.
You die...

## .. . .###..
#######....
#........#
###....o..##.#
..!...o@.....#
.##...oB.......
............###
.##.......#....
#.......# ##.
#w......#
........#
.$..$..###


You could see a worm, an orc wizard, 2 orcs and a giant cockroach.

Vanquished Creatures
  A dart slug (D:1)
  3 endoplasms (D:1)
  A goblin (D:1)
  2 hobgoblins (D:1)
  5 kobolds (D:1)
  3 ball pythons (D:1)
  4 bats (D:1)
  5 rats (D:1)
24 creatures vanquished.

Notes
Turn   | Place    | Note
-------+----------+-------------------------------------------
     0 | D:1      | vurker the Tengu Berserker began the quest for the Orb.
     0 | D:1      | Reached XP level 1. HP: 14/14 MP: 2/2
   119 | D:1      | Reached XP level 2. HP: 12/19 MP: 3/3
   599 | D:1      | Reached skill level 4 in Axes
   830 | D:1      | Reached ** piety under Trog
   831 | D:1      | Reached XP level 3. HP: 23/23 MP: 4/4
  1404 | D:2      | Slain by an orc

Illustrated notes

Levels and vault maps discovered:
D:1:      ebering_trefoil_3fold, layout_basic, chequers_serial_rivers_small_3,
          minivault_11, minivault_24
D:2:      layout_rooms, basic_ecumenical_altar, minivault_23

Skill      XL: |  1  2 |
---------------+-------+-----
Axes           | 4 |  4.2
Fighting       | |  3.4
Armour         | |  2.1
Dodging        | |  2.1

Action                   || total
-------------------------++-------
Melee: Hand axe          ||    41
       Peck              ||     4
       Kick              ||     7
Armor: Animal skin       ||    14
Dodge: Dodged            ||    26

Table legend: (Time is in decaauts)
 A = Elapsed time spent in this place.
 B = Non-inter-level travel time spent in this place.
 C = Inter-level travel time spent in this place.
 D = Time resting spent in this place.
 E = Time spent auto-exploring this place.
 F = Levels seen in this place.
 G = Mean time per level.
                   A        B        C        D        E       F      G
               +--------+--------+--------+--------+--------+-----+--------+
         Total |   1416 |   1400 |     16 |    135 |   1098 |   2 |  708.0 |
       Dungeon |   1416 |   1400 |     16 |    135 |   1098 |   2 |  708.0 |
               +--------+--------+--------+--------+--------+-----+--------+

Top non-repeatable levels by time:
     D:1: 1406 daAuts
     D:2: 10 daAuts
